 Dungeon Crawl Stone Soup version 0.31-a0-656-gb4d89c20fa (webtiles) character file.

Game seed: 41503620762551125

39 Dirtsage the Changeling (level 3, -2/23 HPs)
             Began as an Octopode Shapeshifter on Aug 30, 2023.
             Slain by a goblin
             ... wielding a +0 dagger
             ... led by Robin
              (5 damage)
             ... on level 2 of the Dungeon on Aug 31, 2023.
             The game lasted 00:03:41 (1314 turns).

Dirtsage the Changeling (Octopode Shapeshifter)     Turns: 1314, Time: 00:03:41

Health: -2/23      AC:  1    Str: 15    XL:     3   Next: 45%
Magic:  3/3        EV: 13    Int: 18    God:
Gold:   90         SH:  0    Dex: 11    Spells: 2/2 levels left

rFire   . .          .
                       - Unarmed
rCold   . . .        (no shield)
rNeg    . . .        (helmet currently unavailable)
rPois   .            (no amulet)
rElec   .            S - ring of see invisible
rCorr   .            h - +6 ring of intelligence
SInv    +            l - ring of flight
Will    .....        (no ring)
Stlth   ++           (no ring)
HPRegen 0.23/turn    (no ring)
MPRegen 0.08/turn    (no ring)
                     (no ring)

%: no passive effects
@: beast-form, flying
A: beast (slay +2), almost no armour, amphibious, 8 rings, camouflage 1,
gelatinous body 1, (nimble swimmer 1), tentacles
a: Begin Untransformation


You were on level 2 of the Dungeon.
You were a hulking beast.
You visited 1 branch of the dungeon, and saw 2 of its levels.

You collected 90 gold pieces.

Inventory:

Jewellery
 h - a +6 ring of intelligence (right tentacle)
 l - a ring of flight (on tentacle)
 S - a ring of see invisible (left tentacle)
Talismans
 b - a beast talisman (active)
 c - a flux talisman
 e - a flux talisman
Scrolls
 f - a scroll of teleportation {unknown}
 g - 2 scrolls of enchant weapon {unknown}
 i - a scroll of identify {unknown}
 j - a scroll of butterflies {unknown}
 k - a scroll of enchant armour {unknown}
 n - a scroll of blinking {unknown}
Potions
 a - a potion of lignification
 d - 2 potions of invisibility {unknown}
 m - a potion of degeneration {unknown}


   Skills:
 - Level 1.0 Fighting
 - Level 2.0 Dodging
 + Level 3.5 Unarmed Combat
 * Level 3.8 Shapeshifting


You had 2 spell levels left.
You didn't know any spells.
Your spell library contained the following spells:

 Spells                   Type           Power      Damage    Failure   Level
 Volatile Blastmotes      Fire/Tloc      0%         2d10      54%         3
 Fulminant Prism          Conj/Hex       0%         3d5       91%         4
 Iskenderun's Mystic Bla  Conj/Tloc      0%         2d3       91%         4


Dungeon Overview and Level Annotations

Branches:
Dungeon (2/15)

Altars:

Shops:
D:1 =

Annotations:
D:2 Robin


Innate Abilities, Weirdness & Mutations

You are a hulking beast.
Your limbs bulge with bestial killing power. (Slay +2)
You cannot wear most types of armour.
You are amphibious.
You can wear up to eight rings at the same time.
Your skin changes colour to match your surroundings (Stealth+).
Your rubbery body absorbs attacks. (AC +1, EV +1)
((You are camouflaged when in or above water. (Stealth+)))
You have tentacles for arms and can constrict up to eight enemies at once.


Message History

You closely miss the goblin. You grab the goblin. You constrict the goblin.
The goblin hits you with a +0 club. Robin closely misses you.
You take 1 damage, and have 13/23 hp.
You tentacle-slap the goblin.
You kill the goblin!
Robin barely misses you.
You closely miss the goblin. Your grab misses the goblin.
Robin roars a battlecry!
The goblin goes into a battle-frenzy!
The goblin closely misses you.
You tentacle-slap the goblin. Your grab misses the goblin.
The goblin is severely wounded.
Robin barely misses you. The goblin closely misses you.
You closely miss the goblin. Your grab misses the goblin.
Your squeeze misses the goblin.
The goblin is severely wounded.
Robin hits you from afar with a +0 trident!
The goblin closely misses you.
You take 6 damage, and have 7/23 hp.
MASSIVE DAMAGE!!
You tentacle-slap the goblin.
You kill the goblin!
Robin throws the goblin at you!
* * * LOW HITPOINT WARNING * * *
The goblin completely misses you.
You take 2 damage, and have 5/23 hp.
Robin hits you with a +0 trident.
* * * LOW HITPOINT WARNING * * *
Things that are here:
a +0 club; a +0 club You take 1 damage, and have 4/23 hp.
You tentacle-slap Robin. You grab Robin.
Robin is lightly wounded.
You constrict Robin. Robin hits you with a +0 trident.
* * * LOW HITPOINT WARNING * * *
The goblin closely misses you.
You take 1 damage, and have 3/23 hp.
You tentacle-slap Robin. You squeeze Robin!
Robin is severely wounded.
You constrict Robin. Robin misses you. The goblin hits you with a +0 dagger.
You die...

#(# #.#.###.#.## .#
#.#....(..# #.#####.### #.#
###.####### #.# #.........#
#.# #.#.#####.#
#####.###.#.# #.#
######....>....#g# ##.##
............####h####...###
.#..<#.#.##.# #g.....#.†.#
.#...#.#.##. #.####)..#.#
....(....##.####.# ##.##.#
........#......#.# #(##.#
....>..## .##..#.# ##.##.#
......## ###_....# #..##.#
##...#.###.##..#.# #.###.#
#...##.#..†...#.# #.# #.#


You could see Robin and a goblin (strong).

Vanquished Creatures
  2 ball pythons
  3 bats
  2 endoplasms (D:1)
  2 giant cockroaches
  11 goblins
  5 hobgoblins
  2 jackals (D:2)
  A quokka (D:1)
  A frilled lizard (D:2)
  A kobold (D:1)
  A rat (D:1)
31 creatures vanquished.

Notes
Turn   | Place    | Note
-------+----------+-------------------------------------------
     0 | D:1      | Dirtsage the Octopode Shapeshifter began the quest for the
                  | Orb.
     0 | D:1      | Reached XP level 1. HP: 13/13 MP: 1/1
    39 | D:1      | Found Bogel's Jewellery Boutique.
   198 | D:1      | Reached XP level 2. HP: 13/18 MP: 2/2
   986 | D:2      | Found a faded altar of an unknown god.
  1089 | D:2      | Reached XP level 3. HP: 23/23 MP: 3/3
  1108 | D:2      | Noticed Robin
  1314 | D:2      | Slain by a goblin

Illustrated notes

Levels and vault maps discovered:
D:1:      dpeg_arrival_court, layout_basic, serial_shops,
          nicolae_shop_getting_attention, minmay_hedge_maze,
          corexii_hall_statues_l
D:2:      layout_loops_ring, ebering_ecumenical_altar_rust, uniq_robin

Action                     || total
---------------------------++-------
  Melee: Unarmed           ||    54
         Tentacles         ||    13
         Constrict         ||    13
         Punch             ||     1
   Stab: Sleeping          ||     8
 Armour: Skin              ||     4
  Dodge: Dodged            ||    33

Table legend: (Time is in decaauts)
 A = Elapsed time spent in this place.
 B = Non-inter-level travel time spent in this place.
 C = Inter-level travel time spent in this place.
 D = Time resting spent in this place.
 E = Time spent auto-exploring this place.
 F = Levels seen in this place.
 G = Mean time per level.
                   A        B        C        D        E       F      G
               +--------+--------+--------+--------+--------+-----+--------+
         Total |   1308 |   1274 |     34 |     33 |   1005 |   2 |  654.0 |
       Dungeon |   1308 |   1274 |     34 |     33 |   1005 |   2 |  654.0 |
               +--------+--------+--------+--------+--------+-----+--------+

Top non-repeatable levels by time:
     D:1: 951 daAuts
     D:2: 357 daAuts
